Map: Efflorescence LE

Players

zzKoZzz - Winner!

  • Race: Zerg Zerg
  • League: Platinum
  • Spawn Location: 12:00

toWan - Winner!

  • Race: Terran Terran
  • Spawn Location: 3:00

Ekelpack

  • Race: Zerg Zerg
  • Spawn Location: 6:00

Nyck

  • Race: Terran Terran
  • Spawn Location: 9:00

VOD

Have the link to the VOD?

Description

Time

  • Played on: Nov. 1, 2020, 9:54 a.m.
  • Length: 4:38
Show
View Real Time Build Order
Export as new Build Order

zzKoZzz Zerg - Winner!

Build Orders: Hatch First 

Get SALT Encoding   

  12  0:02  Drone  
  13  0:11  Drone  
  14  0:19  Overlord  
  14  0:38  Drone x3  
  17  1:01  Drone  
  18  1:06  Drone  
  19  1:13  Hatchery  
  19  1:18  Spawning Pool  
  17  1:21  Extractor  
  16  1:33  Drone x3  
  19  1:55  Drone  
  19  1:59  Overlord  
  20  2:06  Queen  
  22  2:18  Zergling x2  
  22  2:19  Zergling x2  
  24  2:27  Queen  
  24  2:29  Drone  
  27  2:30  Zergling x2  
  27  2:34  Metabolic Boost  
  28  2:38  Zergling x2  
  28  2:39  Zergling x2  
  31  2:51  Zergling x4  
  32  3:04  Zergling x4  
  34  3:18  Zergling x4  
  36  3:21  Overlord x2  
  35  3:53  Zergling x2  
  35  3:54  Zergling x16  
Show
View Real Time Build Order
Export as new Build Order

toWan Terran - Winner!

Build Orders:  

Get SALT Encoding   

  12  0:00  SCV  
  13  0:12  SCV  
  14  0:19  Supply Depot  
  14  0:26  SCV  
  15  0:41  SCV  
  16  0:50  Supply Depot  
  16  0:59  Supply Depot  
  16  1:01  SCV  
  17  1:14  Barracks  
  17  1:21  Barracks  
  17  1:32  Barracks  
  17  1:38  SCV  
  18  1:50  Supply Depot  
  18  1:51  SCV  
  19  2:02  Marine  
  19  2:05  Orbital Command  
  19  2:08  Marine  
  21  2:19  Marine  
  21  2:20  Marine  
  23  2:31  SCV  
  23  2:34  Marine  
  25  2:39  Marine  
  25  2:40  Marine  
  27  2:46  Supply Depot  
  27  2:50  Refinery  
  27  2:51  SCV  
  27  2:53  Marine  
  29  3:01  Marine  
  29  3:02  Marine  
  29  3:05  SCV  
  32  3:19  Marine  
  33  3:22  SCV  
  34  3:29  Marine x2  
  36  3:39  Marine  
  37  3:46  Marine  
  38  3:57  Marine  
  38  3:58  Marine  
  38  3:59  SCV  
Show
View Real Time Build Order
Export as new Build Order

Ekelpack Zerg 

Build Orders: Hatch First 

Get SALT Encoding   

  12  0:00  Drone  
  13  0:13  Overlord  
  13  0:18  Drone  
  14  0:32  Drone  
  15  0:49  Hatchery  
  14  0:51  Drone  
  15  0:58  Drone x2  
  15  1:02  Drone  
  18  1:18  Spawning Pool  
  17  1:21  Drone  
  18  1:26  Drone  
  18  1:29  Extractor  
  18  1:34  Drone  
  19  1:57  Drone x2  
  21  2:04  Queen x2  
  21  2:06  Overlord  
  25  2:16  Drone x2  
  27  2:23  Drone  
  27  2:27  Drone  
  27  2:28  Drone  
  30  2:34  Extractor  
  30  2:36  Drone  
  30  2:38  Extractor  
  30  2:39  Drone  
  30  2:48  Drone  
  31  2:56  Drone x2  
  33  3:05  Lair  
  33  3:17  Drone x3  
  36  3:22  Overlord x2  
  36  3:26  Extractor  
  36  3:27  Drone  
  36  3:40  Zergling x2  
  37  3:41  Zergling x6  
  37  3:46  Spine Crawler  
  39  3:55  Drone x3  
  27  3:56  Drone  
  24  4:15  Spawning Pool  
  19  4:20  Drone x4  
  19  4:21  Drone  
Show
View Real Time Build Order
Export as new Build Order

Nyck Terran 

Build Orders:  

Get SALT Encoding   

  12  0:01  SCV  
  13  0:13  SCV  
  14  0:23  Supply Depot  
  14  0:26  SCV  
  15  0:45  SCV  
  15  0:47  Barracks  
  16  0:55  Refinery  
  16  0:57  SCV  
  17  1:07  Barracks  
  17  1:09  SCV  
  18  1:21  SCV  
  19  1:35  Orbital Command  
  19  1:37  Marine  
  20  1:49  Supply Depot  
  20  2:01  Factory  
  20  2:13  SCV  
  22  2:26  Refinery  
  21  2:30  SCV  
  21  2:36  Command Center  
  22  2:42  SCV  
  23  2:49  Starport  
  23  2:51  Factory Reactor  
  23  2:56  SCV  
  23  2:58  Marine  
  25  3:01  Marine  
  26  3:13  SCV  
  26  3:17  Marine  
  28  3:22  Marine  
  29  3:37  Medivac  
  31  3:48  Supply Depot, Medivac  
  33  3:51  Marine  
  33  3:52  Marine  
  35  4:03  Hellion  
  35  4:05  SCV  
  38  4:11  Marine x2  
Tags
 
Add a new tag
Caveats
  • Supply blocks, unpowered buildings, or Contaminate may cause inaccurate times.
  • Supply counts are checked every 10 seconds.